cohdb
Replays
Latest Replays
All Replays
Popular Replays
Top Player Replays
Match Explorer
How It Works
Community
CoH3 Stats
Reddit
Sign in to upload your games and track your stats! →
Sign in with Steam
Match 45743175
Unlisted
Match 45743175
Overview
Messages
Build Orders
End
Royal Engineer Section
Construct Section Command Post
Dingo Light Scout Car
Infantry Section
Selects Canadian Shock Battlegroup
Infantry Section
Construct Platoon Command Post
Unlock Bishop Self-propelled Artillery
Bishop Self-propelled Artillery
Selects Offensive Resupply
Selects Incendiary Munitions
Selects Canadian Shock Section
Light Vehicle Training
Bishop Self-propelled Artillery
Selects Pyrotechnics
nub
oziligath
Rei
Nicko
0
0
Comments
sign in to comment!
No comments posted yet!